 Dungeon Crawl Stone Soup version 0.30-a0-756-gc2185399d4 (webtiles) character file.

Game seed: 2917293929657825849

56 Leeroy the Slasher (level 3, -1/18 HPs)
             Began as a Vine Stalker Warper on Feb 9, 2023.
             Succumbed to an adder's poison
             ... on level 2 of the Dungeon.
             The game lasted 00:01:24 (814 turns).

Leeroy the Slasher (Vine Stalker Warper)             Turns: 814, Time: 00:01:25

Health: -1/18      AC:  3    Str: 13    XL:     3   Next: 95%
Magic:  7/8        EV: 11    Int: 13    God:
Gold:   79         SH:  0    Dex: 15    Spells: 3/8 levels left

rFire   + . .      SeeInvis .    a - +0 falchion
rCold   + . .      Faith    .    (no shield)
rNeg    . . .      Spirit   +    b - +0 leather armour
rPois   +          Reflect  .    (no helmet)
rElec   +          Harm     .    (no cloak)
rCorr   +          Rampage  .    (no gloves)
Will    .....                    (no boots)
Stlth   +                        (no amulet)
HPRegen 0.23/turn                (no ring)
MPRegen 0.11/turn                (no ring)

@: lethally poisoned (-1 -> -11), resistant, flying
A: fangs 2, magic shield, antimagic bite, no potion heal 2
a: no special abilities


You were on level 2 of the Dungeon.
You visited 1 branch of the dungeon, and saw 2 of its levels.

You collected 79 gold pieces.

Inventory:

Hand Weapons
 a - a +0 falchion (weapon)
Missiles
 d - 7 boomerangs of dispersal (quivered)
Armour
 b - a +0 leather armour (worn)
Scrolls
 c - a scroll of blinking
 e - a scroll of acquirement {unknown}
 g - a scroll of teleportation {unknown}
Potions
 h - a potion of lignification {unknown}


   Skills:
 - Level 1.7 Fighting
 - Level 3.1 Long Blades
 - Level 0.8 Throwing
 - Level 0.7 Armour
 - Level 1.5 Dodging
 + Level 3.1 Spellcasting
 - Level 3.0 Translocations


You had 3 spell levels left.
You knew the following spells:

 Your Spells              Type           Power      Damage    Failure   Level
a - Blink                 Tloc           18%        N/A       13%         2
b - Vhi's Electric Charg  Tloc/Air       10%        N/A       43%         3

Your spell library contained the following spells:

 Spells                   Type           Power      Damage    Failure   Level
 Lesser Beckoning         Tloc           18%        N/A       13%         2
 Teleport Other           Tloc           9%         N/A       26%         3
 Magic Dart               Conj           8%         1d3       28%         1
 Call Imp                 Summ           2%         N/A       41%         2
 Portal Projectile        Hex/Tloc       10%        N/A       43%         3
 Mephitic Cloud           Conj/Pois/Air  2%         N/A       65%         3
 Tukima's Dance           Hex            2%         N/A       65%         3
 Manifold Assault         Tloc           9%         N/A       63%         4
 Blade Hands              Tmut           1%         N/A       100%        5
 Borgnjor's Revivificati  Necr           1%         N/A       100%        8
 Necromutation            Tmut/Necr      1%         N/A       100%        8
 Death's Door             Necr           1%         N/A       100%        9


Dungeon Overview and Level Annotations

Branches:
Dungeon (2/15)

Altars:


Innate Abilities, Weirdness & Mutations

You have extremely sharp teeth.
When hurt, damage is shared between your health and your magic reserves.
Your bite disrupts and absorbs the magic of your enemies.
Potions cannot restore your health.


Message History

The adder misses you.
You see here a book of the Tundra.
You barely miss the adder. Your bite misses the adder. The adder bites you.
You are poisoned.
The adder poisons you!
You hit the adder.
The adder is heavily wounded.
You feel sick. The adder closely misses you.
You miss the adder. You bite the adder. You drain its power.
You feel invigorated.
The adder is almost dead.
You feel sick. The adder bites you.
You are more poisoned.
The adder poisons you! The adder closely misses you.
You miss the adder. Your bite misses the adder.
The adder is almost dead.
You feel sick. The adder bites you.
You are lethally poisoned!
The adder poisons you!
You are too injured to fight recklessly!
You are too injured to fight recklessly!
You are too injured to fight recklessly!
You are too injured to fight recklessly!
You are too injured to fight recklessly!
You closely miss the adder.
The adder is almost dead.
You feel very sick. The adder bites you but does no damage.
The adder bites you.
* * * LOW HITPOINT WARNING * * *
You are more poisoned.
The adder poisons you!
It was a potion of resistance.
You feel protected.
* * * LOW HITPOINT WARNING * * *
You feel very sick. The adder bites you but does no damage.
It was a potion of flight.
You feel very buoyant.
You fly up into the air.
You die...

### ..# ######
..#######....#####
.........).......#
...##.~~≈~≈.~~~~.#
...##.~≈≈≈~.~~≈~.####
......~≈≈≈~.~≈~~...>#
......≈≈~≈~.~~≈~@##.#
............~≈~~S# #
#.....~~~~........#
#.....≈≈≈≈.~~≈~~..#
.....~ ~.~≈≈≈~..#
.... ~.~≈≈≈~..#
~.~~~~~..# .........#


You could see an adder.

Vanquished Creatures
  An adder (D:2)
  A worm (D:2)
  2 endoplasms (D:1)
  3 giant cockroaches (D:1)
  A hobgoblin (D:1)
  8 jackals (D:1)
  A quokka (D:1)
  4 ball pythons
  4 bats (D:1)
  6 kobolds
  8 rats
39 creatures vanquished.

Notes
Turn   | Place    | Note
-------+----------+-------------------------------------------
     0 | D:1      | Leeroy the Vine Stalker Warper began the quest for the Orb.
     0 | D:1      | Reached XP level 1. HP: 11/11 MP: 4/4
   109 | D:1      | Reached XP level 2. HP: 12/15 MP: 4/6
   163 | D:1      | Found a faded altar of an unknown god.
   360 | D:1      | Reached XP level 3. HP: 13/18 MP: 5/7
   364 | D:1      | Learned a level 2 spell: Blink
   368 | D:1      | Learned a level 3 spell: Vhi's Electric Charge
   814 | D:2      | Succumbed to an adder's poison

Illustrated notes

Levels and vault maps discovered:
D:1:      psy_arrival_spokes, layout_rooms, hellmonk_ecumenical_altar_crossroads
D:2:      layout_basic, chequers_big_river, chequers_serial_rivers_micro_c,
          minivault_14

Skill      XL: |  1  2  3 |
---------------+----------+-----
Long Blades    | 2 3 |  3.1
Spellcasting   | 3 |  3.1
Fighting       | |  1.7
Throwing       | |  0.8
Armour         | |  0.7
Dodging        | |  1.5
Translocations | |  3.0

Action                     || total
---------------------------++-------
  Melee: Falchion          ||    92
         Bite              ||    18
         Punch             ||     1
    Use: Potion            ||     2
   Stab: Sleeping          ||     1
 Armour: Leather armour    ||    31
  Dodge: Dodged            ||    69

Table legend: (Time is in decaauts)
 A = Elapsed time spent in this place.
 B = Non-inter-level travel time spent in this place.
 C = Inter-level travel time spent in this place.
 D = Time resting spent in this place.
 E = Time spent auto-exploring this place.
 F = Levels seen in this place.
 G = Mean time per level.
                   A        B        C        D        E       F      G
               +--------+--------+--------+--------+--------+-----+--------+
         Total |    828 |    811 |     17 |      0 |    602 |   2 |  414.0 |
       Dungeon |    828 |    811 |     17 |      0 |    602 |   2 |  414.0 |
               +--------+--------+--------+--------+--------+-----+--------+

Top non-repeatable levels by time:
     D:1: 676 daAuts
     D:2: 152 daAuts
